 Dungeon Crawl Stone Soup version 0.16-a0-3940-gf8a207b (webtiles) character file.

296 Johnny the Skirmisher (level 6, 0/63 HPs)
             Began as an Ogre Wizard on Feb 7, 2015.
             Succumbed to a worker ant's poison
             ... on level 4 of the Dungeon.
             The game lasted 00:07:27 (6657 turns).

Johnny the Skirmisher (Ogre Wizard)                 Turns: 6657, Time: 00:07:27

Health: 0/63       AC:  4    Str: 13    XL:     6   Next: 35%
Magic:  8/13       EV: 11    Int: 17    God:
Gold:   116        SH:  0    Dex: 10    Spells: 3 memorised, 7 levels left

rFire  . . .     SeeInvis .     B - +0 flail
rCold  . . .     Clarity  .     y - +0 robe
rNeg   . . .     SustAb   .     (shield restricted)
rPois  .         Gourm    .     v - +1 hat
rElec  .         Spirit   .     (no cloak)
rCorr  .         Warding  .     (gloves unavailable)
rMut   .         Stasis   .     (boots unavailable)
MR     .....                    (no amulet)
Stlth  +.........               (no ring)
                                w - ring of invisibility

@: lethally poisoned (0 -> -7), very slightly contaminated, not resistant to
hostile enchantments, very unstealthy
A: unfitting armour, tough skin 1
a: Evoke Invisibility


You were on level 4 of the Dungeon.
You were very hungry.

You visited 1 branch of the dungeon, and saw 4 of its levels.

You collected 116 gold pieces.

Inventory:

Hand weapons
 e - a +0 club
 l - a +1 whip
 B - a +0 flail (weapon)
 C - a -2 spear
Armour
 a - a +0 robe
 b - a +0 hat
 v - a +1 hat (worn)
 y - a +0 robe (worn)
Jewellery
 w - a ring of invisibility (left hand)
Scrolls
 f - a scroll of amnesia {unknown}
 g - 2 scrolls of teleportation {unknown}
 h - a scroll of fear
 i - a scroll of enchant weapon
 j - a scroll of remove curse
 p - a scroll of random uselessness {unknown}
 u - a scroll of noise {unknown}
 z - 2 scrolls of identify {unknown}
Potions
 m - a potion of degeneration {unknown}
 n - a potion of cancellation {unknown}
 o - a potion of magic {unknown}
 s - a potion of flight {unknown}
 t - a potion of agility {unknown}
 x - 2 potions of heal wounds {unknown}
 A - a potion of might {unknown}
Books
 c - a book of Minor Magic

   Spells                             Type                      Level
   a - Magic Dart                     Conjuration                  1
   b - Blink                          Translocation                2
   c - Call Imp                       Summoning                    2
   d - Repel Missiles                 Charms/Air                   2
   e - Slow                           Hexes                        2
   f - Conjure Flame                  Conjuration/Fire             3
   g - Mephitic Cloud                 Conjuration/Poison/Air       3
Comestibles
 d - 4 meat rations
 k - 3 bread rations
 q - 4 fruits


   Skills:
 * Level 4.7 Fighting
 + Level 0.6 Maces & Flails
 + Level 1.5 Armour
 * Level 3.9 Dodging
 - Level 1.5 Stealth
 - Level 3.6 Spellcasting
 - Level 0.6 Conjurations
 - Level 0.6 Summonings
 - Level 0.6 Translocations
 * Level 1.0 Evocations


You had 7 spell levels left.
You knew the following spells:

 Your Spells              Type           Power        Failure   Level  Hunger
a - Magic Dart            Conj           #...         14%         1    None
b - Call Imp              Summ           #.......     21%         2    ##.....
c - Blink                 Tloc           N/A          21%         2    ##.....


Dungeon Overview and Level Annotations

Branches:
Dungeon (4/15)
 Temple: D:4-7

Altars:
Ashenzari
Gozag
Qazlal
Ru


Innate Abilities, Weirdness & Mutations

You are too large for most types of armour.
You have tough skin (AC +1).


Message History

Your crimson imp hits the worker ant.
You swap places.
* * * LOW HITPOINT WARNING * * *
You feel sick. The worker ant bites your crimson imp!
Your crimson imp blinks!
You swap places.
* * * LOW HITPOINT WARNING * * *
You feel sick.
Your white imp hits the worker ant.
Your white imp freezes the worker ant.
The worker ant dies!
Your Evocations skill increases to level 1!
* * * LOW HITPOINT WARNING * * *
You feel sick.
Your white imp barely misses the iguana.
* * * LOW HITPOINT WARNING * * *
You feel sick. The iguana bites your white imp.
Your white imp gestures at the iguana.
The puff of frost hits the iguana.
Unknown command.
You die...

###########.# ####.#####.#
#.# #.# #.# #.# #.# #.# #.#
#.# #.# #.# #.# #.#
###########.# ########.#
#.# ............#
#........# #.#
###########.######.########
#.# #.....@..############.#
#†#####...55l.........#
#.#####.###############
#........# #######.## ###


You could see an iguana, a friendly crimson imp and a friendly white imp.

Vanquished Creatures
  Jessica (D:2)
  A gnoll (D:4)
  A giant mite (D:2)
  3 adders
  2 worms
  5 giant geckos
  6 orcs
  A bat skeleton (D:4)
  2 giant cockroaches
  10 hobgoblins
  6 jackals (D:3)
  5 kobolds
  A quokka (D:4)
  14 bats
  7 giant newts
  5 goblins
  5 rats
75 creatures vanquished.

Vanquished Creatures (collateral kills)
  The ghost of timbw the Slasher, an average HuGl (D:3)
  2 worker ants (D:4)
  6 gnolls
  3 adders
  An orc (D:4)
  A bat (D:3)
  2 goblins
  A quokka (D:4)
17 creatures vanquished.

Vanquished Creatures (others)
  A crimson imp (D:3)
1 creature vanquished.

Grand Total: 93 creatures vanquished

Notes
Turn   | Place    | Note
--------------------------------------------------------------
     0 | D:1      | Johnny, the Ogre Wizard, began the quest for the Orb.
     0 | D:1      | Reached XP level 1. HP: 16/16 MP: 4/4
   698 | D:1      | Reached skill level 1 in Fighting
   744 | D:1      | Reached XP level 2. HP: 27/27 MP: 6/6
  1009 | D:2      | Noticed Jessica
  1021 | D:2      | Killed Jessica
  1021 | D:2      | Reached XP level 3. HP: 8/35 MP: 6/8
  1341 | D:2      | Found a stormy altar of Qazlal.
  1505 | D:2      | Found an opulent altar of Gozag.
  1830 | D:2      | Reached XP level 4. HP: 25/44 MP: 10/10
  2145 | D:3      | Noticed timbw's ghost (average HuGl)
  2164 | D:3      | HP: 2/44 [timbw's ghost (11)]
  2780 | D:3      | Reached skill level 1 in Armour
  3286 | D:3      | Learned a level 2 spell: Call Imp
  3289 | D:3      | Learned a level 2 spell: Blink
  3527 | D:3      | HP: 2/46 [timbw's ghost (4)]
  3543 | D:3      | Killed timbw's ghost
  3543 | D:3      | Reached skill level 4 in Fighting
  3543 | D:3      | Reached XP level 5. HP: 5/54 MP: 0/11
  3739 | D:3      | Found a sacrificial altar of Ru.
  4857 | D:4      | Found a shattered altar of Ashenzari.
  5165 | D:4      | Reached XP level 6. HP: 43/63 MP: 13/13
  5726 | D:3      | HP: 3/63 [gnoll/club (4)]
  6653 | D:4      | HP: 3/63 [poisoned by a worker ant]
  6654 | D:4      | Reached skill level 1 in Evocations
  6656 | D:4      | HP: 1/63 [poisoned by a worker ant]
  6657 | D:4      | Succumbed to a worker ant's poison

Action                   |  1- 3 |  4- 6 || total
-------------------------+-------+-------++-------
Melee: Club              |    29 |       ||    29
       Unarmed           |    15 |       ||    15
       Whip              |    97 |   371 ||   468
       Flail             |       |    23 ||    23
 Cast: Magic Dart        |     4 |    12 ||    16
       Call Imp          |       |    34 ||    34
  Use: Potion            |       |     3 ||     3
       Scroll            |       |     3 ||     3
 Stab: Sleeping          |     2 |       ||     2
  Eat: Fruit             |     1 |     1 ||     2
       Beef jerky        |     1 |       ||     1
       Chunk             |       |    12 ||    12
       Bread ration      |       |     1 ||     1
